 Dungeon Crawl Stone Soup version 0.31-a0-164-g2312942fda (webtiles) character file.

Game seed: 14376439536680126565

1552 lunkers the Geomancer (level 9, -3/62 HPs)
             Began as a Meteoran Earth Elementalist on June 9, 2023.
             Was a Follower of Sif Muna.
             Slain by an orc
             ... wielding a +0 flail
              (5 damage)
             ... on level 6 of the Dungeon on June 13, 2023.
             The game lasted 00:13:31 (2710 turns).

lunkers the Geomancer (Meteoran Earth Elementalist) Turns: 2710, Time: 00:13:32

Health: -3/62      AC:  3    Str: 10    XL:     9   Next: 34%
Magic:  0/21       EV: 13    Int: 21    God:    Sif Muna [*.....]
Gold:   210        SH:  0    Dex: 15    Spells: 8/23 levels left

rFire   . . .        a - +3 great sword (freeze)
rCold   . . .        (shield currently unavailable)
rNeg    . . .        e - +0 robe
rPois   .            (no helmet)
rElec   .            (no cloak)
rCorr   .            (no gloves)
SInv    .            h - +0 pair of boots
Will    +....        (no amulet)
Stlth   +            (no ring)
HPRegen 0.30/turn    (no ring)
MPRegen 0.17/turn

%: no passive effects
@: glowing
A: sense surroundings 2, otherworldly, glowing, explore regen
a: Renounce Religion, Channel Magic


You were on level 6 of the Dungeon.
You worshipped Sif Muna.
Sif Muna was aware of your devotion.
You visited 2 branches of the dungeon, and saw 7 of its levels.

You collected 210 gold pieces.

Inventory:

Hand Weapons
 a - a +3 great sword of freezing (weapon)
 m - the +4 sling "Dyhusov" {speed, Fly rN+}
   (You found it on level 3 of the Dungeon)

   rN:        It protects you from negative energy.
   Fly:       It grants you flight.
Armour
 e - a +0 robe (worn)
 h - a +0 pair of boots (worn)
Magical Staves
 i - a staff of air
Jewellery
 g - a ring of ice
 n - an amulet of faith
Wands
 t - a wand of flame (23)
Scrolls
 f - a scroll of vulnerability
 k - a scroll of fear
 q - a scroll of fog
Potions
 b - a potion of magic
 c - a potion of heal wounds {unknown}
 d - a potion of mutation
 l - 2 potions of brilliance
 o - 2 potions of might
 p - a potion of ambrosia
 r - a potion of attraction
 s - 2 potions of enlightenment
 u - a potion of curing
 v - a potion of haste {unknown}


   Skills:
 - Level 4.0 Dodging
 - Level 2.5 Stealth
 + Level 7.5 Spellcasting
 - Level 3.4 Transmutations
 * Level 10.0 Earth Magic


You had 8 spell levels left.
You knew the following spells:

 Your Spells              Type           Power      Damage    Failure   Level
a - Sandblast             Erth           98%        2d20      1%          1
b - Passwall              Tmut/Erth      30%        N/A       1%          2
c - Stone Arrow           Conj/Erth      56%        3d10      3%          3
d - Petrify               Tmut/Erth      36%        N/A       5%          4
e - Irradiate             Conj/Tmut      7%         3d14      75%         5

Your spell library contained the following spells:

 Spells                   Type           Power      Damage    Failure   Level
 Necrotise                Necr           28%        1d5       9%          1
 Slow                     Hex            28%        N/A       9%          1
 Sublimation of Blood     Necr           7%         N/A       13%         2
 Confusing Touch          Hex            7%         N/A       26%         3
 Vampiric Draining        Necr           7%         2d6       26%         3
 Passage of Golubria      Tloc           7%         N/A       63%         4
 Summon Ice Beast         Ice/Summ       7%         N/A       63%         4
 Agony                    Necr           7%         N/A       93%         5
 Silence                  Hex/Air        3%         N/A       93%         5
 Summon Mana Viper        Hex/Summ       7%         N/A       93%         5
 Monstrous Menagerie      Summ           3%         N/A       100%        7
 Lehudib's Crystal Spear  Conj/Erth      14%        10d5      100%        8


Dungeon Overview and Level Annotations

Branches:
Dungeon (6/15) Zot: 869    Temple (1/1) D:5 Zot: 526

Altars:
Ashenzari
Cheibriados
Elyvilon
Gozag
Hepliaklqana
Kikubaaqudgha
Makhleb
Nemelex Xobeh
Qazlal
Sif Muna
Trog
Uskayaw
Vehumet
Xom
Zin
The Shining One

Shops:
D:3 [   D:6 *

Annotations:
D:6 2 transporters, Heh's ghost, novice OpVM
Temple 2 transporters


Innate Abilities, Weirdness & Mutations

You passively map the area around you.
You are easily found by Zot.
You glow in the dark.
You regain HP and MP as you explore.


Message History

The orc warrior hits you but does no damage.
Unknown command.
Casting: Stone Arrow (dangerous; 3% risk of failure)
Confirm with . or Enter, or press ? or * to list all spells.
Aiming: Stone Arrow (dangerous; 3% risk of failure)
Press: ? - help, Shift-Dir - straight line, f/p - orc warrior
Aim: an orc warrior, wielding a +0 halberd and wearing a +0 chain mail (heavily wounded, 68% to hit)
The stone arrow hits the orc warrior.
The orc warrior is severely wounded.
The kobold shouts!
* * * LOW MAGIC WARNING * * *
The orc warrior misses you.
The kobold zaps a wand.
The bolt of dispelling energy hits you!
* * * LOW HITPOINT WARNING * * *
Aiming: Throw Flame
Press: ? - help, Shift-Dir - straight line, f/p - orc warrior
Aim: an orc warrior, wielding a +0 halberd and wearing a +0 chain mail (severely wounded, 64% to hit)
The puff of flame hits the orc warrior!
The orc warrior is almost dead.
An orc comes into view. It is wielding a +0 flail.
The orc warrior closely misses you.
Aiming: Sandblast (safe; 1% risk of failure)
Press: ? - help, Q - select action, (/) - cycle Shift-Dir - straight line, f/p - orc warrior
Aim: an orc warrior, wielding a +0 halberd and wearing a +0 chain mail (almost dead, 83% to hit)
The blast of sand hits the orc warrior!
You kill the orc warrior!
Sif Muna accepts your kill.
* * * LOW MAGIC WARNING * * *
The kobold zaps a wand.
The bolt of dispelling energy hits you!
* * * LOW HITPOINT WARNING * * *
Your Earth Magic skill increases to level 10!
Aiming: Sandblast (safe; 1% risk of failure)
Press: ? - help, Q - select action, (/) - cycle Shift-Dir - straight line, f - orc
Aim: an orc, wielding a +0 flail (85% to hit)
The blast of sand misses the orc.
* * * LOW MAGIC WARNING * * *
The kobold zaps a wand.
The bolt of dispelling energy hits you.
* * * LOW HITPOINT WARNING * * *
The orc hits you with a +0 flail.
You die...

, , , * , * , ,, **
* ,* , * ** , * *
*** ###* ,* * , , ,
..* # ,* ** <
#.###)#### , , ,
#...)..... , , *
##.o# * * #.... ##
* ,#..@### #.#.###.
, ,#..K).# #....##.
* * ###.#.#
##....##. * ,
#***#.#.# #........
, , ,.. ..#.#
####......^.
..####.#
#........... ,
...#.# #.#.##...###
*
*#.#.###.#.##...###
* , *
#....)........###.


You could see an orc and a kobold.

Vanquished Creatures
  2 orc warriors
  3 ice beasts
  An ogre (D:4)
  A kobold brigand (D:6)
  A bullfrog (D:4)
  4 wights (D:6)
  A howler monkey (D:6)
  4 hounds
  3 jellies
  2 orc priests
  3 orc wizards
  2 iguanas
  5 gnolls
  7 adders
  A white imp (D:6)
  2 ufetubi
  3 dart slugs
  10 orcs
  5 bats
  8 endoplasms
  5 giant cockroaches
  7 goblins
  7 hobgoblins
  7 jackals
  4 quokkas
  9 ball pythons
  A frilled lizard (D:2)
  8 kobolds
  4 rats
120 creatures vanquished.

Notes
Turn   | Place    | Note
-------+----------+-------------------------------------------
     0 | D:1      | lunkers the Meteoran Earth Elementalist began the quest for
                  | the Orb.
     0 | D:1      | Reached XP level 1. HP: 14/14 MP: 5/5
     0 | D:1      | Upgraded the game from 0.31-a0-152-g6aa68a64a1 to
                  | 0.31-a0-161-gb58dd9be76
    54 | D:1      | Reached XP level 2. HP: 20/20 MP: 2/6
   348 | D:1      | Found Yrau's Antique Armour Emporium.
   495 | D:1      | Glimpsed the power of Zot.
   545 | D:1      | Glimpsed the power of Zot.
   563 | D:2      | Reached XP level 3. HP: 26/26 MP: 5/8
   608 | D:2      | Reached skill level 4 in Earth Magic
   686 | D:2      | Reached XP level 4. HP: 33/33 MP: 5/9
   722 | D:2      | Learned a level 2 spell: Passwall
   726 | D:2      | Learned a level 3 spell: Stone Arrow
  1084 | D:3      | Reached XP level 5. HP: 38/38 MP: 11/11
  1250 | D:3      | Identified the +4 sling "Dyhusov" {speed, Fly rN+}
  1256 | D:3      | Reached XP level 6. HP: 44/45 MP: 9/12
  1311 | D:3      | Found Risk's Antique Armour Emporium.
  1468 | D:4      | Found a white marble altar of Elyvilon.
  1796 | D:5      | Entered Level 5 of the Dungeon
  1805 | D:5      | Noticed an orc warrior
  1808 | D:5      | Reached skill level 5 in Earth Magic
  1830 | D:4      | Reached XP level 7. HP: 23/50 MP: 7/14
  1931 | D:5      | Reached skill level 5 in Spellcasting
  1931 | D:5      | Reached skill level 6 in Earth Magic
  2041 | D:5      | Found a staircase to the Ecumenical Temple.
  2048 | Temple   | Entered the Ecumenical Temple
  2048 | Temple   | Found a transporter.
  2048 | Temple   | Found a transporter.
  2050 | Temple   | Found a transporter.
  2050 | Temple   | Found a transporter.
  2103 | Temple   | Became a worshipper of Sif Muna the Loreminder
  2151 | D:5      | Reached XP level 8. HP: 57/57 MP: 1/17
  2201 | D:4      | Reached skill level 7 in Earth Magic
  2231 | D:4      | Learned a level 4 spell: Petrify
  2237 | D:4      | Learned a level 5 spell: Irradiate
  2363 | D:6      | Found a transporter.
  2371 | D:6      | Noticed a kobold demonologist
  2372 | D:6      | Noticed a troll
  2372 | D:6      | Noticed Heh's ghost (novice OpVM)
  2376 | D:6      | Found a transporter.
  2399 | D:6      | Reached skill level 8 in Earth Magic
  2405 | D:6      | Upgraded the game from 0.31-a0-161-gb58dd9be76 to
                  | 0.31-a0-164-g2312942fda
  2463 | D:6      | Reached * piety under Sif Muna
  2471 | D:6      | Reached skill level 9 in Earth Magic
  2471 | D:6      | Gained mutation: You passively map the area around you.
                  | [Meteoran growth]
  2471 | D:6      | Reached XP level 9. HP: 62/62 MP: 15/20
  2531 | D:6      | Found Guasmis's Fire Supplies.
  2709 | D:6      | Reached skill level 10 in Earth Magic
  2710 | D:6      | HP: 2/62 [kobold/bolt of dispelling energy (6)]
  2710 | D:6      | Slain by an orc

Illustrated notes

Levels and vault maps discovered:
D:1:      minmay_arrival_plants_in_alcoves, layout_basic, serial_shops, shop,
          minmay_liquid_box
D:2:      layout_rooms, minmay_tromino_v7
D:3:      layout_loops_ring, serial_shops, shop
D:4:      cheibrodos_old_hovel, layout_gridville, elyvilon_altar_5,
          minmay_divided_ellipse
D:5:      layout_cave_pools, temple_doors_ab, kennysheep_pointless_box
D:6:      layout_loops_ring, gammafunk_ghost_arena, amcnicky_mini_pool_small,
          minmay_crystal_room, nicolae_shop_fire_sale [nicolae_sub_dead_trees],
          minmay_mini_ossuary
Temple:   hellmonk_temple_divided_pantheon

Skill      XL: |  1  2  3  4  5  6  7  8  9 |
---------------+----------------------------+-----
Spellcasting   | 3 4 5 6 7 |  7.5
Earth Magic    | 4 5 6 9 10 | 10.0
Transmutations | 2 3 |  3.4
Dodging        | 3 4 |  4.0
Stealth        | 2 |  2.5

Action                     |  1- 3 |  4- 6 |  7- 9 || total
---------------------------+-------+-------+-------++-------
  Melee: Great sword       |       |       |     1 ||     1
   Fire: Sling             |       |     7 |     1 ||     8
   Cast: Sandblast         |    32 |    79 |    58 ||   169
         Stone Arrow       |       |       |    18 ||    18
  Evoke: Wand              |       |       |     1 ||     1
    Use: Scroll            |       |       |    14 ||    14
 Armour: Robe              |     2 |    10 |     7 ||    19
  Dodge: Dodged            |     8 |    27 |    35 ||    70

Table legend: (Time is in decaauts)
 A = Elapsed time spent in this place.
 B = Non-inter-level travel time spent in this place.
 C = Inter-level travel time spent in this place.
 D = Time resting spent in this place.
 E = Time spent auto-exploring this place.
 F = Levels seen in this place.
 G = Mean time per level.
                   A        B        C        D        E       F      G
               +--------+--------+--------+--------+--------+-----+--------+
         Total |   2803 |   2543 |    260 |      0 |   1681 |   7 |  400.4 |
       Dungeon |   2729 |   2469 |    260 |      0 |   1676 |   6 |  454.8 |
        Temple |     73 |     73 |      0 |      0 |      5 |   1 |   73.0 |
               +--------+--------+--------+--------+--------+-----+--------+

Top non-repeatable levels by time:
     D:4: 592 daAuts
     D:1: 566 daAuts
     D:3: 513 daAuts
     D:6: 382 daAuts
     D:5: 343 daAuts
     D:2: 332 daAuts
  Temple: 73 daAuts
